 Dungeon Crawl Stone Soup version 0.19-a0-1704-gbd66c22 (webtiles) character file.

4597 rgaf the Basher (level 10, -8/80 HPs)
             Began as a Mummy Fighter on Sept 27, 2016.
             Was an Initiate of Gozag.
             Mangled by an orc warrior
             ... wielding a +0 long sword
              (12 damage)
             ... on level 9 of the Dungeon.
             The game lasted 00:10:29 (8195 turns).

rgaf the Basher (Mummy Fighter)                     Turns: 8195, Time: 00:10:30

Health: -8/80      AC: 14    Str: 21    XL:     10   Next: 19%
Magic:  10/10      EV:  9    Int:  7    God:    Gozag
Gold:   313        SH:  0    Dex: 21    Spells: 0 memorised, 9 levels left

rFire  + . .     SeeInvis .     p - +7 battleaxe "Asser" {chop, +Inv Dex+3}
rCold  + . .     Gourm    .     l - +0 scale mail
rNeg   + + +     Faith    .     (shield currently unavailable)
rPois  ∞         Spirit   .     i - +0 helmet
rElec  .         Dismiss  .     h - +0 cloak
rCorr  .         Reflect  .     s - +0 pair of gloves
MR     +....     Harm     .     w - +0 pair of boots of Cheibriados's Reproof {*Corrode rF++ Dex+4} (curse)
Stlth  ..........               (no amulet)
                                (no ring)
                                (no ring)

@: no status effects
A: no food or potions, fire vulnerability, cold resistance 1, negative energy
resistance 3, torment resistance, unbreathing
a: Potion Petition, Call Merchant, Bribe Branch, Renounce Religion, Evoke
Invisibility


You were on level 9 of the Dungeon.
You worshipped Gozag.
Gozag was aware of your devotion.
You were not hungry.

You visited 2 branches of the dungeon, and saw 9 of its levels.

You collected 1113 gold pieces.
You paid 800 gold pieces to Gozag.

Inventory:

Hand Weapons
 a - a +1 flail
 b - a +1 whip of freezing
 m - a -3 whip
 p - the +7 battleaxe "Asser" (weapon) {chop, +Inv Dex+3}
   (You found it on level 8 of the Dungeon)

   It inflicts extra damage upon your enemies.
   It affects your dexterity (+3).
   It lets you turn invisible.
Armour
 c - a +0 shield
 h - a +0 cloak (worn)
 i - a +0 helmet (worn)
 l - a +0 scale mail (worn)
 s - a +0 pair of gloves (worn)
 u - a +0 plate armour
 w - the cursed +0 pair of boots of Cheibriados's Reproof (worn) {*Corrode rF++ Dex+4}
   (You found it on level 1 of the Lair of Beasts)

   It affects your dexterity (+4).
   It greatly protects you from fire.
   It may corrode you when you take damage.
   It has a curse placed upon it.
Jewellery
 v - an uncursed ring of protection from cold {unknown}
Wands
 g - a wand of random effects (25/48)
 k - a wand of enslavement (7/24)
Scrolls
 d - 10 scrolls of identify
 e - a scroll of vulnerability {unknown}
 f - a scroll of enchant weapon
 j - a scroll of teleportation
 n - a scroll of noise {unknown}
 o - 2 scrolls of remove curse
 q - a scroll of blinking {unknown}
 r - a scroll of magic mapping {unknown}
 t - a scroll of recharging {unknown}


   Skills:
 + Level 8.1 Fighting
 * Level 9.1 Maces & Flails
 + Level 6.6 Armour
 - Level 2.4 Shields


You had 9 spell levels left.
You didn't know any spells.

Dungeon Overview and Level Annotations

Branches:
Dungeon (9/15)               Lair (1/6) D:9             Orc (0/2) D:9
 Temple: D:4-7

Altars:
Cheibriados
Elyvilon
Fedhas
Gozag
Hepliaklqana
Makhleb
Nemelex Xobeh
Okawaru
Vehumet
Zin


Innate Abilities, Weirdness & Mutations

You do not eat or drink.
Your flesh is vulnerable to fire.
You are immune to poison.
Your flesh is cold resistant. (rC+)
You are immune to negative energy. (rN+++)
You are immune to unholy pain and torment.
You can survive without breathing.


Message History

You start resting.
The orc warrior shouts!
You slash the orc warrior!
The orc warrior is moderately wounded.
The orc warrior hits you with a long sword!!
* * * LOW HITPOINT WARNING * * *
You slash the orc warrior!
The orc warrior is almost dead.
The orc warrior hits you with a long sword!
* * * LOW HITPOINT WARNING * * *
The orc warrior hits you with a long sword.
* * * LOW HITPOINT WARNING * * *
You barely miss the orc warrior.
The orc warrior is almost dead.
The orc warrior completely misses you.
You closely miss the orc warrior.
The orc warrior is almost dead.
The orc warrior hits you with a long sword!
You die...
Your body crumbles into a pile of gold.

### #.# ###.# ####### ....#
#.....# ....###.....#
............########
#..................#
########...........#######.
...>...#........@o.........
.......#....#######........
.......#....+ #........
.......#....# #..?.....
.......'....+ #..####+#
.....###....#######o.#
.....#...............#
.....'...............#
######...............#


You could see an orc warrior.

Vanquished Creatures
  A spiny frog (Lair:1)
  Prince Ribbit (D:9)
  A hippogriff (D:7)
  3 basilisks
  2 water moccasins (Lair:1)
  3 sky beasts
  4 porcupines (D:9)
  A wasp (D:9)
  An ice beast (D:9)
  An ogre (D:7)
  4 wolves
  5 crocodiles
  2 big kobolds
  3 bullfrogs
  A wyvern skeleton (D:7)
  A scorpion (Lair:1)
  A killer bee (D:9)
  A centaur zombie (D:6)
  An orc priest (D:6)
  A centaur skeleton (D:7)
  2 hounds
  7 orc wizards
  A bullfrog skeleton (D:6)
  Terence (D:3)
  3 worker ants
  6 iguanas
  A killer bee zombie (D:7)
  A hound zombie (D:6)
  A hound skeleton (D:7)
  A worker ant zombie (D:6)
  4 gnolls (D:6)
  31 river rats
  5 adders
  A shadow imp (D:7)
  An adder skeleton (D:6)
  2 worms
  4 leopard geckos
  29 orcs
  3 giant cockroaches
  8 goblins
  7 hobgoblins
  2 jackals (D:9)
  4 quokkas
  7 bats
  3 frilled lizards
  10 kobolds
  A quokka zombie (D:6)
  6 rats
  A fungus (D:9)
  2 plants
193 creatures vanquished.

Vanquished Creatures (others)
  A plant (D:9)
1 creature vanquished.

Grand Total: 194 creatures vanquished

Notes
Turn   | Place    | Note
-------+----------+-------------------------------------------
     0 | D:1      | rgaf the Mummy Fighter began the quest for the Orb.
     0 | D:1      | Reached XP level 1. HP: 18/18 MP: 1/1
   214 | D:1      | Reached XP level 2. HP: 24/24 MP: 2/2
   390 | D:2      | Found a faded altar of an unknown god.
   768 | D:2      | Found a white marble altar of Elyvilon.
   963 | D:2      | Reached skill level 2 in Maces & Flails
   993 | D:2      | Reached XP level 3. HP: 25/29 MP: 3/3
  1073 | D:2      | Found a blossoming altar of Fedhas.
  1399 | D:3      | Noticed Terence
  1412 | D:3      | Killed Terence
  1412 | D:3      | Reached XP level 4. HP: 31/37 MP: 4/4
  1835 | D:3      | Found a radiant altar of Vehumet.
  2129 | D:3      | Reached skill level 3 in Maces & Flails
  2269 | D:4      | Reached XP level 5. HP: 25/42 MP: 5/5
  2517 | D:4      | You fall through a shaft for 3 floors!
  2710 | D:7      | Noticed a hippogriff
  2798 | D:7      | Noticed a sky beast
  2866 | D:7      | Killed a sky beast
  2866 | D:7      | Reached XP level 6. HP: 9/49 MP: 6/6
  3129 | D:7      | Reached skill level 4 in Maces & Flails
  3492 | D:6      | Found an opulent altar of Gozag.
  3503 | D:6      | Became a worshipper of Gozag Ym Sagoz the Greedy
  3538 | D:6      | Reached XP level 7. HP: 55/55 MP: 7/7
  3617 | D:6      | You fall through a shaft!
  3799 | D:6      | Found a burning altar of Makhleb.
  3960 | D:6      | Reached skill level 5 in Maces & Flails
  4015 | D:6      | Found a sparkling altar of Nemelex Xobeh.
  4033 | D:6      | Reached skill level 5 in Fighting
  4436 | D:7      | Killed a hippogriff
  4773 | D:7      | Reached XP level 8. HP: 60/63 MP: 8/8
  4861 | D:7      | Found a hazy altar of Hepliaklqana.
  4895 | D:7      | Reached skill level 6 in Maces & Flails
  5228 | D:8      | Found a glowing silver altar of Zin.
  5266 | D:8      | Found a snail-covered altar of Cheibriados.
  5396 | D:8      | Got a polished battleaxe
  5402 | D:8      | Identified the +7 battleaxe "Asser" {chop, +Inv Dex+3} (You found it on level 8 of the Dungeon)
  5436 | D:8      | Found an iron altar of Okawaru.
  5701 | D:9      | Reached skill level 5 in Armour
  5969 | D:9      | Found a staircase to the Lair.
  5989 | D:9      | Reached skill level 7 in Maces & Flails
  5993 | D:9      | Reached XP level 9. HP: 26/71 MP: 9/9
  6711 | D:9      | Noticed Prince Ribbit
  6720 | D:9      | Killed Prince Ribbit
  6720 | D:9      | Reached skill level 8 in Maces & Flails
  7025 | D:9      | Noticed a tengu warrior
  7025 | D:9      | Noticed a centaur warrior
  7025 | D:9      | Noticed a death knight
  7033 | D:9      | Found a staircase to the Orcish Mines.
  7144 | Lair:1   | Entered Level 1 of the Lair of Beasts
  7647 | Lair:1   | Noticed a spiny frog
  7653 | Lair:1   | Killed a spiny frog
  7653 | Lair:1   | Reached XP level 10. HP: 33/80 MP: 10/10
  7887 | Lair:1   | Got a pair of transparent boots
  7893 | Lair:1   | Identified the cursed +0 pair of boots of Cheibriados's Reproof {*Corrode rF++ Dex+4} (You found it on level 1 of the Lair of Beasts)
  8036 | Lair:1   | Reached skill level 9 in Maces & Flails
  8193 | D:9      | HP: 4/80 [orc warrior/long sword (5)]
  8195 | D:9      | Mangled by an orc warrior

Vault maps used:
D:1:      scummos_arrival_forest
D:2:      overflow_temple_1_default, nicolae_overflow_hidden_temple,
          ecumenical_altar_2, minmay_misc_feat_diagonals
D:3:      lemuel_crystal_altar, first_bread, uniq_terence
D:4:      minmay_diamond_boxcup, uniq_natasha, uniq_duvessa, uniq_robin,
          uniq_crazy_yiuf_cottage
D:6:      kennysheep_mini_moat, overflow_temple_1_default,
          grunt_gozag_breadcrumbs
D:7:      lemuel_doored_altar
D:8:      overflow_temple_1_default, marbit_many_paths, old_standard_altar
D:9:      minmay_shrinking_squares, minmay_lair_entry_grove, orc_0_dummy,
          uniq_prince_ribbit1

Skill      XL: |  1  2  3  4  5  6  7  8  9 10 |
---------------+-------------------------------+-----
Maces & Flails | 2 3 4 5 7 8 9 |  9.1
Armour         | 3 4 5 6 |  6.6
Fighting       | 4 5 6 7 8 |  8.1
Shields        | |  2.4

Action                   |  1- 3 |  4- 6 |  7- 9 | 10-12 || total
-------------------------+-------+-------+-------+-------++-------
Melee: Flail             |   165 |   175 |   215 |       ||   555
       Battleaxe         |       |       |   181 |    42 ||   223
Invok: Potion Petition   |       |       |     2 |     1 ||     3
  Use: Scroll            |       |     3 |     3 |       ||     6
Armor: Scale mail        |   105 |    76 |   204 |    26 ||   411
Dodge: Dodged            |    57 |    75 |   168 |    19 ||   319
Block: Shield            |    91 |    95 |    94 |       ||   280
